 Dungeon Crawl Stone Soup version 0.19-a0-53-ge6e6435 (webtiles) character file.

702533 manon the Minotaur Porcupine (level 27, -19/270 HPs)
             Began as a Minotaur Berserker on May 4, 2016.
             Was the Champion of the Shining One.
             Demolished by a stone giant (26 damage)
             ... created by the rage of Trog
             ... on level 1 of the Tomb of the Ancients on May 7, 2016.
             The game lasted 13:08:30 (73084 turns).

manon the Minotaur Porcupine (Minotaur Berserker)  Turns: 73084, Time: 13:08:31

Health: -19/270    AC: 34    Str: 39      XL:     27
Magic:  30/30      EV: 16    Int:  4      God:    the Shining One [******]
Gold:   5478       SH:  0    Dex: 16 (17) Spells: 0 memorised, 26 levels left

rFire  + + .     SeeInvis +     c - +13 bardiche of Jaubov {chop, Str+9}
rCold  . . .     Gourm    .     r - +4 plate armour "Fate Jati" {+Blink Regen+ Int+3}
rNeg   + + +     Faith    .     (shield currently unavailable)
rPois  +         Spirit   .     q - +0 hat
rElec  +         Dismiss  .     w - +2 cloak of the Villain {rF+ rN+ Int-5 Stlth+}
rCorr  .         Reflect  .     j - +0 pair of gloves "Ykumo" {MR++ Regen+ Int-5 SInv}
SustAt .         Harm     .     Z - +0 pair of boots of Nenozink {rPois rN+ MR+}
MR     +++++     Rnd*Rage +     K - amulet "Heiwnun" {+Fly Regen+ Int+4 Dex+2}
Stlth  ..........               D - ring of Duniw {rElec rPois Int+3}
                                C - ring of protection from fire

@: very slightly contaminated, glowing, studying Fighting, almost entirely
resistant to hostile enchantments, extremely unstealthy
A: retaliatory headbutt, horns 2, see invisible, berserk 1
a: Divine Shield, Cleansing Flame, Summon Divine Warrior, Renounce Religion,
Evoke Blink, Evoke Flight
}: 4/15 runes: serpentine, barnacled, slimy, silver


You were on level 1 of the Tomb of the Ancients.
You worshipped the Shining One.
The Shining One was exalted by your worship.
You were not hungry.

You visited 13 branches of the dungeon, and saw 61 of its levels.
You also visited: Labyrinth, Trove and Sewer.

You collected 9155 gold pieces.
You spent 3677 gold pieces at shops.

Inventory:

Hand Weapons
 a - a +9 bardiche of holy wrath
 b - a +9 triple crossbow of velocity
 c - the +13 bardiche of Jaubov (weapon) {chop, Str+9}
   (Trog gifted it to you on level 1 of the Orcish Mines)

   It inflicts extra damage upon your enemies.
   It affects your strength (+9).
Missiles
 u - 1596 bolts
 L - 8 throwing nets (quivered)
Armour
 j - the +0 pair of gloves "Ykumo" (worn) {MR++ Regen+ Int-5 SInv}
   (You took it off Nikola on level 2 of the Shoals)

   It affects your intelligence (-5).
   It affects your resistance to hostile enchantments.
   It lets you see invisible.
   It increases your rate of regeneration.
 q - a +0 hat (worn)
 r - the +4 plate armour "Fate Jati" (worn) {+Blink Regen+ Int+3}
   (You acquired it on level 1 of the Realm of Zot)

   It affects your intelligence (+3).
   It lets you blink.
   It increases your rate of regeneration.
 w - the +2 cloak of the Villain (worn) {rF+ rN+ Int-5 Stlth+}
   (You acquired it on level 1 of the Realm of Zot)

   It affects your intelligence (-5).
   It protects you from fire.
   It protects you from negative energy.
   It makes you more stealthy.
 X - a +8 gold dragon armour
 Z - the +0 pair of boots of Nenozink (worn) {rPois rN+ MR+}
   (You found it in a treasure trove)

   It protects you from poison.
   It protects you from negative energy.
   It affects your resistance to hostile enchantments.
Jewellery
 d - the amulet of Syofe {Reflect Str+4 SH+3}
   (You acquired it on level 4 of the Depths)

   [amulet of reflection]

   It shields you and reflects attacks.
   It affects your strength (+4).
   It affects your SH (+3).
 i - an uncursed ring of resist corrosion
 C - a ring of protection from fire (left hand)
 D - the ring of Duniw (right hand) {rElec rPois Int+3}
   (You bought it in a shop on level 2 of the Snake Pit)

   [ring of intelligence]

   It affects your intelligence (+3).
   It insulates you from electricity.
   It protects you from poison.
 K - the amulet "Heiwnun" (around neck) {+Fly Regen+ Int+4 Dex+2}
   (You found it in a treasure trove)

   [amulet of regeneration]

   It affects your intelligence (+4).
   It affects your dexterity (+2).
   It lets you fly.
   It increases your rate of regeneration.
 S - an uncursed ring of positive energy
 Y - an uncursed ring of sustain attributes
Wands
 v - a wand of digging (16/24)
 x - a wand of teleportation (5/9)
 y - a wand of heal wounds (5/9)
 A - a wand of disintegration (15/24)
Scrolls
 g - 17 scrolls of identify
 l - 13 scrolls of teleportation
 n - 24 scrolls of remove curse
 o - 4 scrolls of fog
 B - 7 scrolls of recharging
 G - 3 scrolls of enchant armour
 H - 2 scrolls of silence
 M - 4 scrolls of holy word
 O - 8 scrolls of fear
 Q - a scroll of brand weapon
 R - 7 scrolls of magic mapping
Potions
 k - 7 potions of ambrosia
 m - 18 potions of curing
 t - 4 potions of haste
 E - 14 potions of flight
 I - 7 potions of might
 J - 6 potions of resistance
 N - 3 potions of cancellation
 P - a potion of cure mutation
 T - 2 potions of invisibility
Books
 s - a manual of Fighting
Miscellaneous
 V - a phial of floods
 W - a box of beasts
Comestibles
 f - 19 meat rations
 h - 8 fruits
 p - a beef jerky
 F - 28 bread rations


   Skills:
 + Level 26.4 Fighting
 O Level 27 Polearms
 - Level 26.6 Crossbows
 - Level 25.8 Armour
 - Level 10.0 Dodging
   Level 2.2 Shields
 * Level 10.7 Invocations
 - Level 6.0 Evocations


You had 26 spell levels left.
You didn't know any spells.

Dungeon Overview and Level Annotations

Branches:
Dungeon (15/15)            Temple (1/1) D:7            Lair (8/8) D:9
 Shoals (4/4) Lair:4        Snake (4/4) Lair:6        Slime (6/6) Lair:7
    Orc (2/2) D:11            Elf (3/3) Orc:2        Vaults (5/5) D:13
  Crypt (3/3) Vaults:2       Tomb (1/3) Crypt:3      Depths (5/5) D:15
    Zot (4/5) Depths:5

Altars:
Ashenzari
Cheibriados
Dithmenos
Elyvilon
Fedhas
Gozag
Kikubaaqudgha
Makhleb
Nemelex Xobeh
Okawaru
Pakellas
Qazlal
Ru
Sif Muna
Trog
Vehumet
Xom
Yredelemnul
Zin
The Shining One
Jiyva

Shops:
D:11 }**%?   D:14 !   Orc:1 }}!   Orc:2 [**?*   Elf:1 *   Elf:2 !
Shoals:4 [[!!   Snake:2 =   Vaults:1 :   Vaults:2 !   Vaults:3 *   Vaults:4 (
Vaults:5 %   Depths:5 [

Portals:
Hell: Depths:1 Depths:2 Depths:3 Depths:4 Depths:5
Abyss: Depths:1 Depths:2 Depths:4
Pandemonium: Depths:3 Depths:4
Ziggurat: Depths:1


Innate Abilities, Weirdness & Mutations

You reflexively headbutt those who attack you in melee.
You have a pair of horns on your head.
You have supernaturally acute eyesight.
You tend to lose your temper in combat.


Message History

Blink to where?
Press: ? - help, Dir - move target cursor, p - stone giant
As you read the scroll of blinking, it crumbles to dust.
Unknown command.
The stone giant rages.
A mummy comes into view.
The stone giant rages.
You fail to use your ability.
The stone giant rages.
The stone giant hits you!
* * * LOW HITPOINT WARNING * * *
The stone giant hits you.
* * * LOW HITPOINT WARNING * * *
Read which item? (? for menu, Esc to quit)
As you read the scroll of summoning, it crumbles to dust.
Wisps of shadow whirl around you...
The stone giant hits you but does no damage.
The stone giant completely misses you. You furiously retaliate!
You headbutt the stone giant. The stone giant hits you!!
You die...

#..........#
#..........#
#M.........#
#..........#
#..........####
#..............
#8.8.M.........
#CC............
#@.............
#<8............
###############


You could see 2 stone giants, a guardian mummy, a mummy and 3 friendly ushabtiu.

Vanquished Creatures
  the Royal Jelly (Slime:6)
  An ancient lich (Crypt:3)
  Mennas (Depths:4)
  4 juggernauts
  A greater mummy (Crypt:3)
  Saint Roka (Elf:3)
  A curse toe (Zot:4)
  16 golden dragons
  Nikola (Shoals:2)
  2 iron giants
  The ghost of mrath the Bludgeoner, an adept MiFi of Okawaru (Elf:3)
  18 tentacled monstrosities
  The ghost of Waterpls the Black Sun, an adept DsWz of Kikubaaqudgha (Crypt:3)
  3 electric golems (Zot:1)
  7 liches
  9 titans
  3 deep elf blademasters (Elf:3)
  2 quicksilver dragons
  A deep elf master archer (Elf:3)
  Frances (D:12)
  The ghost of PeterLawrence the Tortoise, an adept MiFi of Okawaru (Elf:2)
  34 acid blobs
  7 death cobs (Zot:3)
  5 sphinxes
  An ancient champion (Crypt:1)
  12 storm dragons
  Kirke (Snake:1)
  A thorn hunter (Depths:2)
  6 shadow dragons
  2 draconian monks
  20 azure jellies
  4 revenants
  Ilsuiw (Shoals:4)
  8 tengu reavers
  6 draconian knights
  9 deep elf sorcerers
  7 greater nagas (Snake:4)
  16 fire giants
  2 iron dragons
  Louise (Shoals:2)
  Aizul (Depths:1)
  2 ghost moths
  Maud (Lair:5)
  An orc warlord (Depths:2)
  4 draconian zealots
  Donald (Vaults:2)
  9 vault wardens
  3 draconian scorchers
  2 draconian shifters (Depths:5)
  16 frost giants
  2 curse skulls
  5 deep elf elementalists
  A spriggan defender (Depths:4)
  8 ironheart preservers
  5 draconian annihilators
  5 reapers
  21 stone giants
  20 very ugly things
  11 green draconians
  4 deep elf demonologists
  11 vampire knights
  2 draconian callers
  7 deep elf annihilators
  A salamander stormcaller (Depths:2)
  8 purple draconians
  6 red draconians
  A mottled draconian (Zot:1)
  4 yellow draconians
  4 spark wasps
  6 black draconians
  2 pale draconians (Depths:5)
  11 eidola
  4 merfolk javelineers
  5 white draconians
  Snorg (D:14)
  14 merfolk impalers
  9 jiangshi
  9 death oozes
  12 ettins
  28 vault guards
  A minotaur (Lab)
  10 deep elf death magi
  A great orb of eyes (shapeshifter) (Vaults:5)
  A crystal guardian (Vaults:5)
  9 deep elf high priests
  5 entropy weavers
  20 yaktaur captains
  19 fire dragons
  A quicksilver dragon zombie (Crypt:3)
  11 ice dragons
  14 great orbs of eyes
  A quicksilver dragon skeleton (Crypt:3)
  Harold (Orc:1)
  6 anacondas
  A ghost crab (shapeshifter) (Vaults:5)
  10 hydras
  7 rakshasas
  4 spriggan air magi
  13 naga warriors
  3 catoblepae (Lair:8)
  7 merfolk aquamancers
  8 centaur warriors
  2 satyrs
  An anaconda (shapeshifter) (Depths:3)
  25 ogre magi
  3 vampire magi
  4 death knights
  3 alligator snapping turtles
  6 tengu warriors
  8 deep troll earth magi
  4 deep troll shamans
  23 dancing weapons
  14 naga sharpshooters
  9 shock serpents
  8 spriggan berserkers
  An orc high priest (Orc:1)
  Sonja (D:14)
  11 death yaks (Lair:8)
  3 iron trolls
  5 soul eaters
  26 deep elf knights
  A small abomination (Elf:3)
  A shadow wraith (Crypt:1)
  19 skeletal warriors
  14 sea snakes
  A kraken simulacrum (Shoals:4)
  11 unseen horrors
  A death drake (shapeshifter) (Vaults:3)
  A fire crab (Vaults:5)
  18 deep trolls
  An anaconda zombie (Crypt:3)
  A shadow demon (Depths:4)
  6 naga ritualists
  7 flayed ghosts
  2 unseen horrors (shapeshifter)
  A swamp dragon (shapeshifter) (Depths:2)
  A golden dragon zombie (Depths:4)
  A lindwurm (Depths:2)
  3 swamp dragons (Depths:5)
  An anaconda skeleton (Crypt:3)
  10 hill giants
  12 giant orange brains
  15 ironbrand convokers
  15 necromancers
  16 orc knights
  19 deep elf archers
  26 harpies
  A harpy (shapeshifter) (Elf:2)
  4 wizards
  5 mana vipers
  5 wolf spiders
  68 deep elf magi
  51 ugly things
  A wolf spider zombie (Crypt:3)
  8 cyclopes
  4 iron dragon zombies
  6 orc sorcerers
  11 griffons
  3 hornets
  19 phantasmal warriors
  A stone giant zombie (Vaults:5)
  3 elephants (Lair:7)
  20 manticores
  3 shining eyes
  A frost giant zombie (Crypt:3)
  5 oklob plants
  4 fauns
  A shadow dragon skeleton (Crypt:3)
  An iron dragon skeleton (Crypt:3)
  5 salamanders
  A frost giant skeleton (Depths:4)
  4 centaur zombies
  21 moths of wrath
  29 black mambas
  A sixfirhy (Depths:4)
  A guardian serpent (Snake:2)
  A stone giant skeleton (Crypt:3)
  21 naga magi
  A guardian serpent (shapeshifter) (D:15)
  2 spiny frogs (shapeshifter)
  13 vault sentinels
  A smoke demon (Depths:4)
  3 spectral swamp worms (Depths:1)
  10 spiny frogs
  Psyche (D:12)
  3 gargoyles
  An eye of devastation (Slime:6)
  A shock serpent zombie (Crypt:3)
  4 water nymphs
  A torpor snail (Lair:7)
  A yaktaur (shapeshifter) (D:15)
  A red draconian zombie (Crypt:1)
  A death yak zombie (Crypt:1)
  2 kobold demonologists (Vaults:3)
  An efreet (Depths:2)
  12 freezing wraiths
  5 rime drakes
  A rime drake (shapeshifter) (Vaults:1)
  48 yaktaurs
  11 komodo dragons
  An ice devil (Depths:4)
  13 hellwings (Crypt:3)
  A harpy zombie (Crypt:3)
  2 yaktaur skeletons
  3 tengu conjurers
  A death yak skeleton (Crypt:2)
  2 hydra zombies (Crypt:3)
  A jumping spider (shapeshifter) (Vaults:1)
  10 trolls
  A wind drake (Shoals:1)
  24 merfolk
  2 jumping spiders
  A polar bear (Crypt:1)
  Grinder (D:3)
  A wind drake (shapeshifter) (Vaults:2)
  A slime creature (shapeshifter) (Vaults:5)
  A two-headed ogre (shapeshifter) (Vaults:1)
  15 blink frogs
  45 two-headed ogres
  90 slime creatures
  Prince Ribbit (D:8)
  3 boulder beetles
  An ushabti (Crypt:3)
  A fire dragon skeleton (Crypt:3)
  6 snapping turtles
  An ice dragon zombie (Crypt:3)
  9 redbacks
  A snapping turtle (shapeshifter) (Depths:2)
  3 spriggans
  6 air elementals
  3 tarantellas (Vaults:4)
  29 water elementals
  A yak (shapeshifter) (D:15)
  2 spriggans (shapeshifter)
  5 shadows
  2 tarantellas (shapeshifter)
  6 wraiths
  7 fire elementals
  An ice dragon skeleton (Crypt:3)
  3 wyverns
  A hog (shapeshifter) (Vaults:5)
  2 hippogriffs (shapeshifter)
  A human (D:13)
  40 yaks
  A basilisk (shapeshifter) (Depths:3)
  A vampire (D:13)
  4 fire bats (Lair:7)
  6 golden eyes (Slime:5)
  A hog (Snake:1)
  5 hungry ghosts
  9 hippogriffs
  The ghost of Gorice the Cutter, an amateur DsEn (Sewer)
  5 steam dragons
  12 vampire mosquitoes
  3 basilisks
  A mottled dragon (D:12)
  An infernal demonspawn zombie (Crypt:1)
  A chaos spawn (Depths:4)
  A yaktaur simulacrum (Vaults:3)
  19 water moccasins
  A faun zombie (Crypt:1)
  13 wargs
  Menkaure (D:4)
  39 nagas
  Duvessa (D:5)
  2 giant eyeballs
  4 hell hounds
  2 giant eyeballs (shapeshifter)
  A spiny frog zombie (Crypt:3)
  A merfolk skeleton (Crypt:3)
  A torturous demonspawn skeleton (Crypt:1)
  A snapping turtle zombie (Crypt:3)
  14 porcupines
  3 wasps
  3 black bears
  2 necrophages
  8 ice beasts (Lair:3)
  An eye of draining (shapeshifter) (D:15)
  32 orc warriors
  3 sky beasts
  6 eyes of draining
  2 phantoms
  25 centaurs
  102 ogres
  A manticore zombie (Crypt:3)
  12 wolves (Lair:6)
  13 boggarts
  A crocodile (shapeshifter) (Vaults:5)
  An elf skeleton (Vaults:5)
  An elephant skeleton (Crypt:1)
  14 crocodiles
  24 giant frogs
  Blork the orc (D:5)
  A human zombie (Vaults:2)
  Dowan (D:5)
  An earth elemental (Elf:1)
  A glowing shapeshifter simulacrum (Vaults:2)
  A human skeleton (Vaults:2)
  6 wyvern skeletons (Crypt:3)
  2 scorpions
  A boulder beetle zombie (Crypt:2)
  A spriggan zombie (Crypt:3)
  An elf simulacrum (Vaults:1)
  A killer bee (shapeshifter) (D:15)
  9 killer bees
  13 wights
  9 electric eels
  26 jellies
  A lava snake (Lair:7)
  7 crimson imps
  3 giant frog zombies
  A quasit (D:10)
  27 orc wizards
  3 hounds
  18 orc priests
  2 centaur skeletons
  3 giant frog skeletons
  13 worker ants
  10 iguanas
  Natasha (thrice) (D:4)
  9 hell rats (Lair:7)
  12 sirens
  Terence (D:3)
  4 merfolk avatars
  A killer bee zombie (Crypt:2)
  20 sheep
  A demigod zombie (Crypt:1)
  A hound skeleton (D:11)
  3 mummies
  A howler monkey zombie (D:10)
  2 worker ant zombies
  16 adders
  4 gnolls (D:9)
  51 river rats
  A swamp drake zombie (Crypt:2)
  2 shadow imps
  2 adder zombies
  An adder skeleton (Crypt:2)
  A lava snake skeleton (Crypt:2)
  5 worms
  6 giant geckos
  106 orcs
  9 ball pythons
  4 bats
  7 giant cockroaches
  8 goblins
  7 hobgoblins
  10 jackals
  5 kobolds
  5 quokkas
  A quokka (shapeshifter) (Vaults:4)
  A giant cockroach zombie (D:5)
  10 giant newts
  A jackal skeleton (D:7)
  A quokka zombie (Crypt:2)
  44 rats
  A crawling corpse (Elf:3)
  2 lost souls
  8 plants
  A tentacle (Shoals:4)
  A withered plant (Crypt:3)
2732 creatures vanquished.

Vanquished Creatures (collateral kills)
  A deep elf blademaster (Elf:2)
  An acid blob (Slime:3)
  A greater naga (Snake:4)
  A fire giant (Depths:1)
  3 deep elf sorcerers (Elf:3)
  2 orc warlords
  A deep elf elementalist (Elf:3)
  A vampire knight (Depths:3)
  Azrael (Snake:3)
  A deep elf demonologist (Elf:3)
  A deep elf annihilator (Elf:3)
  A blizzard demon (Depths:2)
  2 deep elf high priests (Elf:3)
  2 yaktaur captains (Depths:3)
  A fire dragon (Depths:1)
  A merfolk avatar (Shoals:4)
  3 ice dragons
  An anaconda (Snake:3)
  2 dancing weapons (Elf:2)
  2 alligators (Depths:2)
  2 deep troll earth magi
  2 naga sharpshooters (Snake:4)
  A deep elf knight (Elf:1)
  A salamander mystic (Snake:3)
  A deep troll (Depths:5)
  A sea snake (Shoals:4)
  A harpy (Depths:2)
  A griffon (Depths:2)
  4 deep elf magi
  An orc sorcerer (Depths:2)
  5 naga magi
  A water nymph (Shoals:4)
  A yaktaur (Depths:3)
  2 spectral swamp worms (Depths:1)
  An ice devil (Depths:2)
  A merfolk (Shoals:4)
  4 slime creatures (Slime:3)
  A two-headed ogre (Vaults:1)
  A fire elemental (Snake:3)
  A harpy simulacrum (Depths:2)
  4 nagas
  2 hell hounds (Snake:3)
  2 orc warriors (Orc:1)
  A boggart (Depths:1)
  A jelly (Slime:3)
  2 orcs (Orc:1)
  2 crawling corpses (Elf:3)
76 creatures vanquished.

Vanquished Creatures (others)
  A purple draconian (Zot:2)
  A deep elf high priest (Elf:3)
  A deep elf knight (Elf:2)
  2 two-headed ogres
  An ogre (Depths:2)
  An orc (Orc:2)
  21 fungi
  3 lost souls
  18 plants
  3 tentacles (Shoals:4)
  14 tentacle segments (Shoals:4)
  16 toadstools (Lair:3)
  11 withered plants (Crypt:3)
93 creatures vanquished.

Grand Total: 2901 creatures vanquished

Notes
Turn   | Place    | Note
--------------------------------------------------------------
     0 | D:1      | manon the Minotaur Berserker began the quest for the Orb.
     0 | D:1      | Reached XP level 1. HP: 19/19 MP: 0/0
   147 | D:1      | Reached skill level 4 in Polearms
   173 | D:1      | Reached XP level 2. HP: 19/26 MP: 1/1
   618 | D:1      | Reached skill level 5 in Polearms
   775 | D:2      | Reached XP level 3. HP: 24/31 MP: 2/2
   788 | D:1      | Reached ** piety under Trog
  1011 | D:2      | Reached XP level 4. HP: 34/39 MP: 3/3
  1035 | D:2      | Reached skill level 6 in Polearms
  1070 | D:2      | Found a sparkling altar of Nemelex Xobeh.
  1305 | D:2      | You fall through a shaft!
  1305 | D:3      | Noticed Terence
  1311 | D:3      | Killed Terence
  1311 | D:3      | Reached XP level 5. HP: 45/45 MP: 4/4
  1313 | D:3      | Reached skill level 7 in Polearms
  1320 | D:3      | Found a stormy altar of Qazlal.
  1581 | D:3      | Reached *** piety under Trog
  1608 | D:3      | Reached skill level 8 in Polearms
  1608 | D:3      | Reached XP level 6. HP: 16/51 MP: 5/5
  1879 | D:3      | Noticed Grinder
  1904 | D:3      | Killed Grinder
  1904 | D:3      | Reached skill level 9 in Polearms
  2002 | D:3      | Noticed an air elemental
  2005 | D:3      | Noticed a fire elemental
  2005 | D:3      | Noticed a water elemental
  2169 | D:4      | Found a radiant altar of Vehumet.
  2235 | D:4      | Reached XP level 7. HP: 37/57 MP: 6/6
  2348 | D:4      | Reached skill level 10 in Polearms
  2528 | D:4      | Noticed Natasha
  2537 | D:4      | Killed Natasha
  2686 | D:4      | Noticed Menkaure
  2693 | D:4      | Killed Menkaure
  2693 | D:4      | Reached skill level 11 in Polearms
  2723 | D:4      | Noticed Natasha
  2739 | D:4      | Killed Natasha
  2757 | D:4      | Noticed Natasha
  2761 | D:4      | Killed Natasha
  2805 | D:5      | Entered Level 5 of the Dungeon
  2922 | D:5      | Noticed Duvessa
  2923 | D:5      | Noticed Dowan
  3008 | D:5      | Reached **** piety under Trog
  3008 | D:5      | Reached XP level 8. HP: 64/64 MP: 7/7
  3039 | D:5      | Noticed Blork the orc
  3080 | D:5      | Killed Blork the orc
  3212 | D:5      | Found an ancient bone altar of Kikubaaqudgha.
  3563 | D:5      | Killed Duvessa
  3563 | D:5      | Reached skill level 12 in Polearms
  3567 | D:5      | Killed Dowan
  3737 | D:6      | Found a stormy altar of Qazlal.
  3738 | D:6      | Found a glowing silver altar of Zin.
  3738 | D:6      | Found a shadowy altar of Dithmenos.
  3816 | D:6      | Found a radiant altar of Vehumet.
  3900 | D:6      | Reached skill level 13 in Polearms
  3941 | D:6      | Found a glowing drain.
  3967 | Sewer    | Entered a sewer
  4115 | Sewer    | Reached ***** piety under Trog
  4175 | Sewer    | Noticed Gorice's ghost (amateur DsEn)
  4228 | Sewer    | Killed Gorice's ghost
  4691 | D:7      | Reached XP level 9. HP: 72/72 MP: 8/8
  4815 | D:7      | Reached skill level 5 in Fighting
  4815 | D:7      | Reached skill level 14 in Polearms
  4970 | D:7      | Received a gift from Trog
  4980 | D:7      | Reached skill level 1 in Evocations
  4998 | D:7      | Found a shattered altar of Ashenzari.
  5344 | D:7      | Found a staircase to the Ecumenical Temple.
  5375 | Temple   | Entered the Ecumenical Temple
  5918 | D:8      | Reached skill level 15 in Polearms
  6116 | D:8      | Gained mutation: You have sharp toenails. [potion of mutation]
  6116 | D:8      | Lost mutation: You have sharp toenails. [potion of mutation]
  6116 | D:8      | Gained mutation: You tend to lose your temper in combat. [potion of mutation]
  6164 | D:8      | Reached XP level 10. HP: 86/86 MP: 10/10
  6166 | D:8      | Noticed Prince Ribbit
  6178 | D:8      | Killed Prince Ribbit
  6750 | D:9      | Found a staircase to the Lair.
  6981 | D:9      | Reached skill level 5 in Armour
  7061 | D:9      | Found a blossoming altar of Fedhas.
  7191 | Lair:1   | Entered Level 1 of the Lair of Beasts
  7311 | Lair:1   | Got an emerald-studded scale mail
  7322 | Lair:1   | Identified the cursed +0 scale mail of an ossuary {-Tele rPois Str+3 Int+3} (You found it on level 1 of the Lair of Beasts)
  7830 | Lair:1   | Noticed a black mamba
  7842 | Lair:1   | Killed a black mamba
  7842 | Lair:1   | Reached skill level 16 in Polearms
  8051 | Lair:2   | Reached XP level 11. HP: 79/97 MP: 11/11
  8191 | Lair:2   | Noticed a seven-headed hydra
  8200 | Lair:2   | Killed a seven-headed hydra
  8200 | Lair:2   | Reached skill level 10 in Fighting
  8618 | Lair:2   | Reached skill level 17 in Polearms
  9653 | Lair:3   | Noticed an eight-headed hydra
  9668 | Lair:3   | Killed an eight-headed hydra
  9751 | Lair:3   | Received a gift from Trog
 10507 | Lair:4   | Reached skill level 18 in Polearms
 10608 | Lair:4   | Reached XP level 12. HP: 92/110 MP: 4/12
 10843 | Lair:4   | Reached ****** piety under Trog
 10886 | Lair:4   | Found a staircase to the Shoals.
 11241 | Lair:5   | Found a dark tunnel.
 11598 | Lair:5   | Noticed Maud
 11609 | Lair:5   | Killed Maud
 12308 | Lair:6   | Found a staircase to the Snake Pit.
 12329 | Lair:6   | Reached skill level 19 in Polearms
 12518 | Lair:6   | Reached skill level 10 in Armour
 12635 | Lair:6   | Received a gift from Trog
 12636 | Lair:6   | Got a transparent halberd {god gift}
 12637 | Lair:6   | Identified the +2 halberd of Teoqahas {speed, *Corrode rElec Str+3 Int+5} (Trog gifted it to you on level 6 of the Lair of Beasts)
 13241 | Lair:6   | Reached XP level 13. HP: 98/119 MP: 13/13
 14606 | Lair:7   | Received a gift from Trog
 15085 | Lair:8   | Entered Level 8 of the Lair of Beasts
 15454 | Lair:8   | Reached skill level 20 in Polearms
 15613 | Lair:8   | Reached skill level 1 in Crossbows
 15768 | Lair:8   | Reached skill level 5 in Crossbows
 15818 | Lair:8   | Received a gift from Trog
 15818 | Lair:8   | Reached XP level 14. HP: 130/130 MP: 14/14
 16616 | D:10     | Entered Level 10 of the Dungeon
 17500 | D:11     | Found Xaets's Food Shoppe.
 17502 | D:11     | Found Xutaxt's General Store.
 17546 | D:11     | Found Conur's Magic Scroll Shoppe.
 17561 | D:11     | Bought a scroll of teleportation for 39 gold pieces
 17561 | D:11     | Bought a scroll of identify for 26 gold pieces
 17561 | D:11     | Bought a scroll of identify for 26 gold pieces
 17561 | D:11     | Bought a scroll of magic mapping for 45 gold pieces
 17561 | D:11     | Bought a scroll of identify for 26 gold pieces
 17561 | D:11     | Bought a scroll of blinking for 97 gold pieces
 17868 | D:11     | Found Leheneest's Gadget Shop.
 17877 | D:11     | Bought a wand of random effects (13/48) for 90 gold pieces
 18052 | D:11     | Found Okaepoy's General Store.
 18053 | D:11     | Found a staircase to the Orcish Mines.
 18057 | D:11     | Bought a scroll of teleportation for 51 gold pieces
 18063 | Orc:1    | Entered Level 1 of the Orcish Mines
 18101 | Orc:1    | Noticed Harold
 18108 | Orc:1    | Received a gift from Trog
 18119 | Orc:1    | Killed Harold
 18119 | Orc:1    | Reached skill level 10 in Crossbows
 18272 | Orc:1    | Found Zusech's Distillery.
 18273 | Orc:1    | Found Elihaiceyt's Gadget Emporium.
 18281 | Orc:1    | Bought a potion of heal wounds for 90 gold pieces
 18281 | Orc:1    | Bought a potion of curing for 54 gold pieces
 18281 | Orc:1    | Bought a potion of curing for 54 gold pieces
 18281 | Orc:1    | Bought a potion of might for 72 gold pieces
 18281 | Orc:1    | Bought a potion of brilliance for 72 gold pieces
 18281 | Orc:1    | Bought a potion of curing for 54 gold pieces
 18281 | Orc:1    | Bought a potion of might for 72 gold pieces
 18474 | Orc:1    | Received a gift from Trog
 18485 | Orc:1    | Got a crystal bardiche {god gift}
 18486 | Orc:1    | Identified the +13 bardiche of Jaubov {chop, Str+9} (Trog gifted it to you on level 1 of the Orcish Mines)
 18562 | Orc:1    | Noticed an orc warlord
 18569 | Orc:1    | Killed an orc warlord
 18578 | Orc:1    | Found Cydios's Gadget Emporium.
 18909 | Orc:2    | Entered Level 2 of the Orcish Mines
 18909 | Orc:2    | Found a staircase to the Elven Halls.
 19181 | Orc:2    | Received a gift from Trog
 19333 | Orc:2    | Found Doogaff's General Store.
 19415 | Orc:2    | Found Quafef's Antique Armour Shop.
 19452 | Orc:2    | Found Kaorch's Assorted Antiques.
 19453 | Orc:2    | Found Qeocu's Magic Scroll Boutique.
 19453 | Orc:2    | Found Lekothrou's Assorted Antiques.
 19532 | Orc:2    | Received a gift from Trog
 19909 | Orc:2    | Bought a black opal-studded chain mail for 275 gold pieces
 19919 | Orc:2    | Identified the +8 chain mail of Minor Irritation {MR+ SInv} (You bought it in a shop on level 2 of the Orcish Mines)
 19920 | Orc:2    | Bought a scroll of acquirement for 624 gold pieces
 19922 | Orc:2    | Got a pair of distressingly furry gloves
 19933 | Orc:2    | Identified the -1 pair of gloves of Failure {rC+ Int+2} (You acquired it on level 2 of the Orcish Mines)
 20136 | D:12     | Reached XP level 15. HP: 131/137 MP: 15/15
 20142 | D:12     | Found a labyrinth entrance.
 20152 | Lab      | Entered a labyrinth
 20797 | D:12     | Noticed Psyche
 20803 | D:12     | Killed Psyche
 21015 | D:12     | Noticed Frances
 21022 | D:12     | Killed Frances
 21515 | D:13     | Received a gift from Trog
 21908 | D:13     | Found a gate to the Vaults.
 22323 | D:13     | Reached skill level 15 in Crossbows
 22650 | D:14     | Noticed Sonja
 22701 | D:14     | Killed Sonja
 23041 | D:14     | Noticed Snorg
 23057 | D:14     | Killed Snorg
 23467 | D:14     | Found Cuotesh's Distillery.
 23470 | D:14     | Bought a potion of curing for 57 gold pieces
 23470 | D:14     | Bought a potion of cure mutation for 475 gold pieces
 23470 | D:14     | Bought a potion of heal wounds for 95 gold pieces
 23470 | D:14     | Bought a potion of flight for 57 gold pieces
 23470 | D:14     | Bought 2 potions of curing for 114 gold pieces
 23857 | D:15     | Entered Level 15 of the Dungeon
 24046 | D:15     | Received a gift from Trog
 24782 | D:15     | Found a staircase to the Depths.
 25137 | Shoals:1 | Entered Level 1 of the Shoals
 25164 | Shoals:1 | Got a polished scale mail
 25176 | Shoals:1 | Identified the cursed +1 scale mail "Dyahodasami" {rN+ MR+ Int-4} (You found it on level 1 of the Shoals)
 25680 | Shoals:1 | Reached XP level 16. HP: 122/145 MP: 16/16
 25791 | Shoals:1 | Got a scorched battleaxe
 25792 | Shoals:1 | Identified the +5 battleaxe of Xoshriat {venom, rElec Stlth+} (You found it on level 1 of the Shoals)
 25813 | Shoals:2 | Noticed Nikola
 25825 | Shoals:2 | Killed Nikola
 25828 | Shoals:2 | Noticed Louise
 25836 | Shoals:2 | Killed Louise
 26118 | Shoals:2 | Got a pair of fine gloves
 26119 | Shoals:2 | Identified the +0 pair of gloves "Ykumo" {MR++ Regen+ Int-5 SInv} (You took it off Nikola on level 2 of the Shoals)
 27355 | Elf:1    | Entered Level 1 of the Elven Halls
 27378 | Elf:1    | Received a gift from Trog
 27689 | Elf:1    | Received a gift from Trog
 28472 | Elf:1    | Received a gift from Trog
 28589 | Elf:1    | Found Ulonis's Assorted Antiques.
 29214 | Elf:1    | Reached skill level 21 in Polearms
 29367 | Elf:2    | Received a gift from Trog
 29398 | Elf:2    | Noticed PeterLawrence's ghost (adept MiFi)
 29425 | Elf:2    | Killed PeterLawrence's ghost
 29425 | Elf:2    | Reached skill level 15 in Fighting
 29728 | Elf:2    | Reached XP level 17. HP: 131/156 MP: 17/17
 29897 | Elf:2    | Found a runed gate.
 29897 | Elf:2    | Found a runed gate.
 29897 | Elf:2    | Found a runed gate.
 30139 | Elf:2    | Found Wetet's Distillery.
 30142 | Elf:2    | Bought 2 potions of curing for 78 gold pieces
 30142 | Elf:2    | Bought a potion of heal wounds for 65 gold pieces
 30142 | Elf:2    | Bought a potion of heal wounds for 65 gold pieces
 30142 | Elf:2    | Bought 2 potions of curing for 78 gold pieces
 30244 | Elf:2    | Noticed a deep elf blademaster
 30259 | Elf:2    | Received a gift from Trog
 30265 | Elf:2    | Killed a deep elf blademaster
 31333 | Snake:1  | Entered Level 1 of the Snake Pit
 31398 | Snake:1  | Noticed Kirke
 31407 | Snake:1  | Killed Kirke
 32478 | Snake:2  | Found a sacrificial altar of Ru.
 32793 | Snake:2  | Found Godic's Jewellery Emporium.
 32797 | Snake:2  | Bought the ring of Duniw {rElec rPois Int+3} for 339 gold pieces
 33187 | Snake:3  | Noticed Azrael
 33193 | Snake:3  | Killed Azrael
 33443 | Snake:3  | Received a gift from Trog
 33605 | Snake:3  | Reached skill level 22 in Polearms
 34024 | Snake:3  | Reached XP level 18. HP: 166/166 MP: 18/18
 34489 | Shoals:4 | Entered Level 4 of the Shoals
 34695 | Shoals:4 | Noticed Ilsuiw
 34714 | Shoals:4 | Killed Ilsuiw
 35191 | Shoals:4 | Received a gift from Trog
 35263 | Shoals:4 | Received a gift from Trog
 36277 | Lair:3   | Received a gift from Trog
 36402 | Shoals:4 | Found Tefaf's Distillery.
 36443 | Shoals:4 | Reached skill level 1 in Shields
 37187 | Shoals:4 | Found Quwir's Antique Armour Emporium.
 37214 | Shoals:4 | Found Zumeyj's Armour Shoppe.
 37242 | Shoals:4 | Found Lahewup's Distillery.
 37443 | Shoals:4 | Got a barnacled rune of Zot
 37638 | Shoals:4 | Bought a pair of faintly glowing boots for 180 gold pieces
 37638 | Shoals:4 | Identified the cursed +0 pair of boots "Leqomn" {rN+ MR- Dex+6} (You bought it in a shop on level 4 of the Shoals)
 37658 | Shoals:4 | Identified the Handbook of Lucky Conjuration
 37838 | Snake:1  | Upgraded the game from 0.19-a0-36-g4a0968a to 0.19-a0-45-g2c295ea
 38087 | Snake:4  | Entered Level 4 of the Snake Pit
 38763 | Snake:4  | Received a gift from Trog
 38794 | Snake:4  | Reached XP level 19. HP: 130/177 MP: 19/19
 38795 | Snake:4  | Received a gift from Trog
 38981 | Snake:4  | Received a gift from Trog
 39226 | Snake:4  | Received a gift from Trog
 39302 | Snake:4  | Received a gift from Trog
 39553 | Snake:4  | Noticed Mara
 39554 | Snake:4  | Noticed Mara
 39554 | Snake:4  | Noticed Mara
 39560 | Snake:4  | Noticed manon's illusion
 39845 | Snake:4  | Got a serpentine rune of Zot
 40359 | Depths:1 | Entered Level 1 of the Depths
 40631 | Vaults:1 | Entered Level 1 of the Vaults
 40637 | Vaults:1 | Reached skill level 23 in Polearms
 40823 | Vaults:1 | Found Megasup's Book Boutique.
 41052 | Vaults:1 | Received a gift from Trog
 41054 | Vaults:1 | Got an encrusted triple crossbow {god gift}
 41055 | Vaults:1 | Identified the +3 triple crossbow of Mourning {velocity, Str+5} (Trog gifted it to you on level 1 of the Vaults)
 41711 | Vaults:1 | Got a crystal arbalest
 41712 | Vaults:1 | Identified the +2 arbalest of Ytestaw {elec, *Confuse rPois rF+ Dex+2} (You found it on level 1 of the Vaults)
 42218 | Vaults:2 | Found a staircase to the Crypt.
 42240 | Vaults:2 | HP: 5/180 [yaktaur/bolt[a yaktaur captain] (15)]
 42240 | Vaults:2 | HP: 1/180 [yaktaur/bolt[a yaktaur captain] (4)]
 43247 | Vaults:2 | Received a gift from Trog
 43489 | Vaults:2 | Reached XP level 20. HP: 189/189 MP: 20/20
 43726 | Vaults:2 | Noticed Donald
 43731 | Vaults:2 | Killed Donald
 43757 | Vaults:2 | Found Emaxkapt's Distillery.
 43989 | Vaults:2 | Received a gift from Trog
 44401 | Vaults:3 | You fall through a shaft!
 44411 | Vaults:4 | Received a gift from Trog
 45153 | Vaults:4 | Received a gift from Trog
 45591 | Vaults:3 | Received a gift from Trog
 45691 | Vaults:3 | Reached skill level 24 in Polearms
 46205 | Vaults:3 | Received a gift from Trog
 46279 | Vaults:3 | Got a heavily runed ruby amulet
 46280 | Vaults:3 | Identified the amulet of Xom's Malicious Joy {Inacc MR+} (You found it on level 3 of the Vaults)
 46319 | Vaults:3 | Found Ytyifaf's Assorted Antiques.
 46901 | Vaults:4 | Found Esiq's Weapon Emporium.
 47302 | Depths:1 | Reached XP level 21. HP: 155/197 MP: 21/21
 47303 | Depths:1 | Noticed Aizul
 47314 | Depths:1 | Killed Aizul
 47572 | Depths:1 | Found a gateway to Hell.
 47606 | Depths:1 | Received a gift from Trog
 47651 | Depths:1 | Found a one-way gate to the infinite horrors of the Abyss.
 47733 | Depths:1 | Found a gateway to a ziggurat.
 48075 | Depths:1 | Found a portal to a secret trove of treasure.
 48490 | Elf:2    | Bought a potion of agility for 52 gold pieces
 48490 | Elf:2    | Bought a potion of agility for 52 gold pieces
 48881 | Shoals:4 | Bought a potion of agility for 68 gold pieces
 49486 | Depths:1 | You paid a toll of 7 potions of agility to enter a treasure trove
 49487 | Trove    | Entered a treasure trove
 49508 | Trove    | Reached XP level 22. HP: 206/206 MP: 22/22
 49515 | Trove    | Got a warped glass ring
 49516 | Trove    | Identified the ring "Zaimett" {rPois MP+9 Slay-3 SInv} (You found it in a treasure trove)
 49519 | Trove    | Got a twitching marble ring
 49520 | Trove    | Identified the ring "Arez" {+Fly Dex+4 Stlth+} (You found it in a treasure trove)
 49523 | Trove    | Got a wavering crystal amulet
 49524 | Trove    | Identified the amulet "Heiwnun" {+Fly Regen+ Int+4 Dex+2} (You found it in a treasure trove)
 49551 | Trove    | Got a pair of scorched boots
 49552 | Trove    | Identified the +0 pair of boots of Nenozink {rPois rN+ MR+} (You found it in a treasure trove)
 49893 | Orc:2    | Bought a glowing cloak for 135 gold pieces
 50561 | Depths:2 | Noticed a golden dragon
 50569 | Depths:2 | Killed a golden dragon
 50667 | Depths:2 | Got a steaming lead ring
 50784 | Depths:1 | Identified the ring "Gefics" {Wiz Int+3} (You took it off a tengu reaver on level 2 of the Depths)
 51120 | Depths:1 | Received a gift from Trog
 51699 | Depths:2 | Paralysed by a giant eyeball for 4 turns
 51779 | Depths:2 | Received a gift from Trog
 52539 | Depths:2 | Reached XP level 23. HP: 128/217 MP: 23/23
 52602 | Depths:3 | Paralysed by a giant eyeball for 4 turns
 52916 | Depths:2 | Upgraded the game from 0.19-a0-45-g2c295ea to 0.19-a0-49-gb8736b8
 52939 | Depths:1 | Reached skill level 15 in Armour
 53321 | Elf:3    | Entered Level 3 of the Elven Halls
 53784 | Elf:3    | Received a gift from Trog
 53786 | Elf:3    | Got a twisted glaive {god gift}
 53787 | Elf:3    | Identified the +9 glaive "Ivecs" {freeze, MR+ Stlth+} (Trog gifted it to you on level 3 of the Elven Halls)
 54004 | Elf:3    | Reached skill level 25 in Polearms
 54121 | Elf:3    | Noticed Saint Roka
 54132 | Elf:3    | Killed Saint Roka
 54179 | Elf:3    | Received a gift from Trog
 54382 | Elf:3    | Received a gift from Trog
 54472 | Elf:3    | Noticed mrath's ghost (adept MiFi)
 54484 | Elf:3    | Killed mrath's ghost
 54813 | Elf:3    | Received a gift from Trog
 55026 | Elf:3    | Identified a +5 rod of inaccuracy (11/11) (You found it on level 3 of the Elven Halls)
 55041 | Elf:3    | Got a slimy iron ring
 55042 | Elf:3    | Identified the ring "Diqoogal" {Wiz Dex+3} (You found it on level 3 of the Elven Halls)
 55555 | Lair:7   | Found a staircase to the Slime Pits.
 55670 | Slime:1  | Entered Level 1 of the Pits of Slime
 55811 | Slime:3  | Upgraded the game from 0.19-a0-49-gb8736b8 to 0.19-a0-53-ge6e6435
 55995 | Slime:4  | Received a gift from Trog
 56265 | Slime:4  | Reached XP level 24. HP: 211/228 MP: 0/23
 56403 | Slime:6  | Entered Level 6 of the Pits of Slime
 56626 | Slime:6  | Received a gift from Trog
 56787 | Slime:6  | Found a viscous altar of Jiyva.
 56839 | Slime:6  | Noticed the Royal Jelly
 57199 | Slime:6  | Killed the Royal Jelly
 57797 | Slime:6  | Got a steaming turquoise ring
 57803 | Slime:6  | Got a slimy rune of Zot
 57855 | Slime:6  | Identified the ring "Ifiwnieras" {+Fly Int+3} (You found it on level 6 of the Pits of Slime)
 57890 | Slime:6  | Got a smoking triple crossbow
 57891 | Slime:6  | Identified the +6 triple crossbow "Fiunaen" {speed, *Confuse rC- Int+4 Dex+8} (You found it on level 6 of the Pits of Slime)
 57979 | Slime:6  | Got a jewelled scale mail
 57980 | Slime:6  | Identified the +0 scale mail of Inviolability {rElec Str+2} (You found it on level 6 of the Pits of Slime)
 58003 | Slime:6  | Got a translucent chain mail
 58004 | Slime:6  | Identified the +7 chain mail of Inviolability {rPois Int-4 Slay+4 Stlth+} (You found it on level 6 of the Pits of Slime)
 58465 | Depths:2 | Received a gift from Trog
 58596 | Depths:3 | Found a one-way gate leading to the halls of Pandemonium.
 58641 | Depths:3 | Noticed a juggernaut
 58651 | Depths:3 | Killed a juggernaut
 58681 | Depths:3 | Received a gift from Trog
 58836 | Depths:3 | HP: 1/231 [yaktaur/bolt (14)]
 58945 | Depths:3 | Noticed a juggernaut
 58951 | Depths:3 | Killed a juggernaut
 59225 | Depths:3 | Reached skill level 26 in Polearms
 59377 | Depths:3 | Identified the Incunabulum of Stones and Transmigration
 59723 | Depths:3 | Received a gift from Trog
 59886 | Depths:3 | Reached XP level 25. HP: 239/239 MP: 23/23
 60285 | Depths:4 | Noticed Mennas
 60371 | Depths:3 | Received a gift from Trog
 60452 | Depths:4 | Received a gift from Trog
 60610 | Depths:4 | Received a gift from Trog
 60906 | Depths:4 | Killed Mennas
 61106 | Depths:4 | Got a wavering steel amulet
 61107 | Depths:4 | Identified the amulet of Syofe {Reflect Str+4 SH+3} (You acquired it on level 4 of the Depths)
 61315 | Depths:4 | Noticed a juggernaut
 61323 | Depths:4 | Killed a juggernaut
 61429 | Depths:4 | Noticed a juggernaut
 61435 | Depths:4 | Killed a juggernaut
 61744 | Depths:5 | Entered Level 5 of the Depths
 61860 | Depths:5 | Found Ydghae's Armour Boutique.
 62144 | Depths:5 | Found a sparkling altar of Nemelex Xobeh.
 62236 | Depths:5 | Received a gift from Trog
 62571 | Depths:5 | Received a gift from Trog
 62590 | Depths:5 | Found a gate to the Realm of Zot.
 63436 | Vaults:5 | Entered Level 5 of the Vaults
 63476 | Vaults:5 | Reached skill level 27 in Polearms
 63590 | Vaults:5 | Reached XP level 26. HP: 236/251 MP: 4/23
 63665 | Vaults:5 | Found Ofobaebbi's Food Shoppe.
 64030 | Vaults:5 | Got a silver rune of Zot
 64050 | Vaults:5 | Received a gift from Trog
 65200 | Vaults:5 | Received a gift from Trog
 65437 | Vaults:5 | Reached skill level 5 in Dodging
 65459 | Vaults:5 | Received a gift from Trog
 65667 | Vaults:5 | Received a gift from Trog
 66177 | Zot:1    | Entered Level 1 of the Realm of Zot
 66278 | Depths:5 | Received a gift from Trog
 66580 | Zot:1    | Got a brightly glowing plate armour
 66604 | Depths:5 | Identified the +4 plate armour "Fate Jati" {+Blink Regen+ Int+3} (You acquired it on level 1 of the Realm of Zot)
 66634 | Zot:1    | Reached XP level 27. HP: 264/264 MP: 24/25
 66753 | Zot:1    | Got a jewelled cloak
 66764 | Zot:1    | Identified the +2 cloak of the Villain {rF+ rN+ Int-5 Stlth+} (You acquired it on level 1 of the Realm of Zot)
 67408 | Zot:2    | Received a gift from Trog
 67413 | Zot:2    | Reached skill level 5 in Evocations
 67750 | Zot:3    | Received a gift from Trog
 68106 | Zot:3    | Received a gift from Trog
 69626 | Depths:2 | Gained mutation: You have supernaturally acute eyesight. [potion of beneficial mutation]
 69933 | Temple   | Fell from the grace of Trog
 69933 | Temple   | Became a worshipper of the Shining One
 70164 | Crypt:1  | Entered Level 1 of the Crypt
 70210 | Crypt:1  | Reached * piety under the Shining One
 70464 | Crypt:1  | Reached ** piety under the Shining One
 70751 | Crypt:1  | Reached *** piety under the Shining One
 71070 | Crypt:2  | Reached skill level 10 in Dodging
 71077 | Crypt:2  | Reached **** piety under the Shining One
 71081 | Crypt:2  | Reached skill level 1 in Invocations
 71113 | Crypt:2  | Reached ***** piety under the Shining One
 71447 | Crypt:2  | Noticed an ancient lich
 71608 | Crypt:3  | Entered Level 3 of the Crypt
 71617 | Crypt:3  | Noticed Waterpls's ghost (adept DsWz)
 71633 | Crypt:3  | Killed Waterpls's ghost
 71633 | Crypt:3  | Reached skill level 5 in Invocations
 71781 | Crypt:3  | Paralysed by Trog for 5 turns
 71831 | Crypt:3  | Reached ****** piety under the Shining One
 71929 | Crypt:3  | Identified a +9 bardiche of holy wrath (a +7 bardiche of chopping blessed by the Shining One)
 71929 | Crypt:3  | Received a gift from the Shining One
 72102 | Crypt:3  | Got a glittering glass ring
 72103 | Crypt:3  | Identified the ring of Divine Compulsion {MP+9 Dex+4} (You found it on level 3 of the Crypt)
 72321 | Crypt:3  | Found an ancient bone altar of Kikubaaqudgha.
 72537 | Crypt:3  | Noticed an ancient lich
 72540 | Crypt:3  | Killed an ancient lich
 72545 | Crypt:3  | Reached skill level 10 in Invocations
 72568 | Crypt:3  | Identified Atodizih's Tome of Damaging Creation (You found it on level 3 of the Crypt)
 72761 | Crypt:3  | Found a staircase to the Tomb.
 72761 | Crypt:3  | Noticed a greater mummy
 72769 | Crypt:3  | Killed a greater mummy
 73037 | Tomb:1   | Entered Level 1 of the Tomb of the Ancients
 73073 | Tomb:1   | HP: 10/270 [stone giant[the rage of Trog] (26)]
 73083 | Tomb:1   | HP: 11/270 [stone giant[the rage of Trog] (17)]
 73084 | Tomb:1   | Demolished by a stone giant

Vault maps used:
D:1:      dpeg_arrival_round_b
D:2:      overflow_temple_1_default, uniq_crazy_yiuf_cottage
D:3:      nicolae_qazlal_style_of_elements, uniq_grinder, uniq_terence
D:4:      vehumet_altar_wand_db, uniq_natasha, uniq_menkaure
D:5:      overflow_temple_1_default, first_bread, serial_glass, glass_columns_a,
          glass_columns_b, uniq_blork_the_orc, uniq_duvessa
D:6:      lemuel_round_altar, gammafunk_temple_overflow_forgotten,
          portal_sewer_entry_a
D:7:      ashenzari_conservatory_becter, minmay_temple_entry_nine_rooms,
          the_bakery
D:8:      uniq_prince_ribbit1
D:9:      lemuel_coloured_pillars_altar, lair_0_dummy
D:11:     minmay_goldmine, orc_0_dummy, serial_shops, nicolae_shop_stone, shop,
          shop_statue, nicolae_shop_trees, shop
D:12:     lab_entry_generic, uniq_frances, uniq_psyche
D:13:     grunt_vaults_entry_fortified
D:14:     kennysheep_decorative_pillar, serial_shops, nicolae_shop_behind_doors,
          uniq_sonja, uniq_snorg
D:15:     gammafunk_enter_depths_forms, serial_bayou, serial_bayou_shore_b,
          serial_bayou_pond_c, serial_bayou_pond_a, serial_bayou_lagoon_b,
          minmay_strange_pillars
Temple:   circular_temple_12
Lair:1:   infiniplex_staircase_pool_2
Lair:3:   gammafunk_lair_enchanted_lake, portal_ice_cave_entry_ice_beasts
Lair:4:   minmay_shoals_entry_centaurs
Lair:5:   enter_volcano_4, serial_bayou_pond_c, grunt_forest_large_clearings,
          uniq_maud
Lair:6:   minmay_snake_entry_six_corridors, lemuel_fruit_fields
Lair:7:   lemuel_ratsnest, minmay_slime_entry_oklob_open, beast_lair_carwin_3,
          serial_bayou_shore_b
Lair:8:   evilmike_catoblepas_cave, grunt_forest_small_clearing_treed
Shoals:2: nicolae_shoals_so_close, uniq_louise, uniq_nikola
Shoals:4: shoals_end_grunt_ice, shoals_ilsuiw_ice, serial_shops, shop, shop,
          nicolae_shop_stone, shop
Snake:1:  lemuel_fruit_tree, uniq_kirke
Snake:2:  serial_shops, nicolae_shop_behind_doors, lemuel_oklob_altar
Snake:3:  serial_bayou_shore_a, uniq_azrael
Snake:4:  snake_pit, grunt_megastairs_3, uniq_mara
Slime:3:  nicolae_slime_jelly_donut
Orc:1:    serial_shops, shop, shop_fountains, shop, guppyfry_library_mini,
          uniq_harold
Orc:2:    st_orc_ogre_mass, serial_shops, nicolae_shop_window_shopping,
          minmay_orc_barracks
Elf:1:    eino_elf_arrival_customs, serial_shops,
          nicolae_shop_overgrown_old_shop, serial_co_window_serial,
          co_window_paths_b, co_window_paths_a, co_window_corner_a,
          co_window_of_opportunity_a, co_window_paths_b, co_window_broadway_c,
          co_window_corner_cb, co_window_broadway_a, co_window_of_opportunity_b,
          co_window_corner_b, co_window_corner_ca, co_window_unsneaky_path_b,
          glass_columns_a, glass_columns_c, glass_columns_a, glass_columns_c
Elf:2:    serial_shops, nicolae_shop_behind_doors
Elf:3:    minmay_elf_hall_hex, uniq_saint_roka
Vaults:1: v_pattern_2, vaults_mumra_chevron_long, vaults_room_hallway,
          nicolae_vaults_ring_of_whatevers, st_lines, v_misc_2,
          nicolae_vaults_yaktaur_gun_rack, v_alt_pattern_1, grunt_vaults_focal,
          v_misc_13, hangedman_vaults_snaps, dpeg_vaults_monster_box,
          hangedman_vaults_capsules, serial_shops, nicolae_shop_trees
Vaults:2: grunt_vaults_hallway_short, nicolae_vaults_ninety_degrees,
          minmay_crypt_entry_simple_sparse, st_lattice, v_misc_22,
          vaults_dpeg_doors, hangedman_vaults_maws, vaults_room_door_ring,
          serial_shops, nicolae_shop_trees, uniq_donald
Vaults:3: v_misc_11, hangedman_vaults_river_flow, vaults_dpeg_cross,
          vaults_room_stairs_pillars, v_misc_4, nicolae_vaults_triangles,
          v_misc_15, hangedman_vaults_cutoff, ontoclasm_vaults_claustrophobia,
          v_misc_11, serial_shops, shop
Vaults:4: nicolae_vaults_windows_and_doors_thing, v_misc_2, v_misc_26,
          vaults_room_boxed, nicolae_vaults_circle_grid_a, vaults_mumra_chevron,
          v_misc_17, vaults_room_grid, vaults_mumra_lcd,
          nicolae_vaults_rhombus_5, serial_shops, shop
Vaults:5: serial_shops
Crypt:2:  st_stairs_12, due_unseen_surprise, basic_stair_grate_trap,
          lemuel_elevator
Crypt:3:  evilmike_haunted_forest
Depths:1: enter_ziggurat_e, nicolae_trove_entry_diagonal,
          hangedman_abyss_entry_splay, minmay_misc_feat_nine_boxes,
          pf_hell_entry_tar_river, kennysheep_two_boxes,
          roderic_lattice_octagonal_star, uniq_aizul
Depths:2: hangedman_opposites_gauntlet, minmay_strange_pillars, special_room,
          hell_entry, abyss_entry_small_statue_room
Depths:3: hangedman_pleasuredromes, pan_entry, hell_entry, serial_shops
Depths:4: kennysheep_large_spiral, abyss_entry, rand_demon_pan_entry_7,
          minmay_misc_feat_iff, hell_entry, infiniplex_staircase_9_rooms,
          uniq_mennas
Depths:5: evilmike_zot_entry_gauntlet, grunt_hell_entry_dis_grunt, serial_shops,
          shop_statue, nemelex_deck, basic_stair_grate_trap
Zot:1:    zot_minivault_4
Zot:2:    grunt_megastairs_2
Zot:3:    grunt_megastairs_5
Lab:      labyrinth_spiral, nicolae_lab_checkerboard, nicolae_lab_statue,
          nicolae_lab_lava, labyrinth_skeletal_remains, lab_fountain
Trove:    trove_garden
Sewer:    sewer_sea

Skill      XL: |  1  2  3  4  5  6  7  8  9 10 11 12 13 14 15 16 17 18 19 20 21 22 23 24 25 26 27 |
---------------+----------------------------------------------------------------------------------+-----
Polearms       | 4 5 6 8 9 11 13 15 16 18 19 20 21 22 23 24 25 26 27 | 27.0
Fighting       | 4 7 9 11 12 13 15 16 17 18 19 20 21 22 23 24 26 | 26.4
Evocations     | 1 2 4 6 |  6.0
Armour         | 3 5 8 10 12 14 17 19 22 24 25 | 25.8
Crossbows      | 5 13 17 18 20 21 22 24 25 26 | 26.6
Shields        | 2 |  2.2
Dodging        | 6 10 | 10.0
Invocations    | 10 | 10.7

Action                   |  1- 3 |  4- 6 |  7- 9 | 10-12 | 13-15 | 16-18 | 19-21 | 22-24 | 25-27 || total
-------------------------+-------+-------+-------+-------+-------+-------+-------+-------+-------++-------
Melee: Spear             |    88 |   181 |     6 |   110 |    43 |       |       |    24 |       ||   452
       Headbutt          |    10 |    20 |    51 |   130 |   224 |    97 |   145 |   193 |   255 ||  1125
       Trident           |       |    19 |   411 |   105 |       |       |       |       |       ||   535
       Glaive            |       |       |       |   458 |   621 |       |       |       |       ||  1079
       Halberd           |       |       |       |    14 |       |       |       |       |       ||    14
       Bardiche          |       |       |       |       |   350 |   649 |   685 |   719 |  1052 ||  3455
       Demon trident     |       |       |       |       |       |    43 |       |       |       ||    43
 Fire: Blowgun           |       |    10 |    32 |    79 |     6 |       |       |       |       ||   127
       Hand crossbow     |       |       |       |       |   131 |       |       |       |       ||   131
       Arbalest          |       |       |       |       |   214 |   432 |       |       |       ||   646
       Triple crossbow   |       |       |       |       |    73 |   129 |   435 |   543 |   711 ||  1891
Throw: Throwing net      |       |       |       |     1 |       |     1 |     2 |       |     1 ||     5
Invok: Trog's Hand       |       |     2 |     1 |       |       |    10 |     1 |     9 |     1 ||    24
       Berserk           |       |     2 |     5 |     6 |     8 |    13 |     3 |     4 |     3 ||    44
       Burn Spellbooks   |       |       |     1 |     1 |     2 |     2 |     1 |     2 |       ||     9
       Brothers in Arms  |       |       |       |       |     2 |    13 |     4 |    14 |     1 ||    34
       Brand Weapon With |       |       |       |       |       |       |       |       |     1 ||     1
Evoke: Wand              |       |       |     7 |     5 |     2 |     7 |     3 |     5 |     3 ||    32
  Use: Scroll            |       |     1 |     6 |    13 |     8 |     9 |    19 |    29 |    16 ||   101
       Potion            |       |     1 |     6 |     9 |     2 |     7 |     4 |    15 |     2 ||    46
 Stab: Sleeping          |     1 |       |       |       |       |       |       |       |       ||     1
       Invisible         |       |       |     1 |     4 |       |     4 |       |       |       ||     9
       Held in net/web   |       |       |       |     1 |       |       |       |       |     1 ||     2
       Petrifying        |       |       |       |       |     1 |       |       |       |       ||     1
       Distracted        |       |       |       |       |     1 |       |     1 |     4 |       ||     6
  Eat: Chunk             |       |     6 |    16 |    15 |    39 |    41 |    18 |     6 |    22 ||   163
       Pizza             |       |       |     1 |     3 |     2 |       |       |     2 |     5 ||    13
       Fruit             |       |       |     3 |     1 |    12 |     9 |     3 |     3 |     3 ||    34
       Beef jerky        |       |       |       |     5 |     2 |       |       |       |     4 ||    11
       Meat ration       |       |       |       |     1 |       |       |     2 |     2 |     3 ||     8
       Royal jelly       |       |       |       |       |     1 |     2 |     1 |       |       ||     4
       Bread ration      |       |       |       |       |       |     3 |     2 |     5 |       ||    10
Armor: Chain mail        |    17 |    58 |    59 |       |   202 |   436 |   134 |       |       ||   906
       Animal skin       |     5 |       |       |       |       |       |       |       |       ||     5
       Plate armour      |       |       |     3 |   265 |   355 |       |   152 |   505 |   355 ||  1635
       Gold dragon armou |       |       |       |       |       |       |       |    91 |   428 ||   519
Dodge: Dodged            |    22 |    38 |    70 |   179 |   329 |   303 |   195 |   288 |   533 ||  1957
Block: Buckler           |       |       |       |       |       |     3 |       |       |       ||     3
